[Event "Titled Tuesday Blitz December 7 2021"]
[White "Adly, Ahmed"]
[Black "Bethke, Richard"]
[WhiteFideId "10601619"]
[BlackFideId "12959243"]
[WhiteElo "2876"]
[BlackElo "2467"]
[Result "1-0"]
[Round "01"]
[TimeControl "180+1"]
[Date "2021.12.07"]
[WhiteClock "0:02:41"]
[BlackClock "0:02:02"]

1. Nf3 d5 2. g3 Nd7 3. d4 b5 4. Bg2 Ngf6 5. O-O e6 6. a4 b4 7. c4 bxc3 8. Nxc3 c5 9. a5 Ba6 10. Bf4 Be7 11. Ne5 Nxe5 12. dxe5 Nd7 13. Nxd5 exd5 14. Qxd5 O-O 15. e6 Nf6 16. exf7+ Kh8 17. Qxa8 Qxa8 18. Bxa8 Rxa8 19. Rfd1 Bc4 20. Bd6 Bxd6 21. Rxd6 Bxf7 22. Rad1 Rf8 23. Rd8 Ne8 24. R1d7 Kg8 25. Rxa7 Be6 26. Re7 Bf7 27. a6 1-0


[Site "https://www.chess.com"]

[Event "Titled Tuesday Blitz December 7 2021"]
[White "Akbas, Umut Ata"]
[Black "Berezin, Viktor"]
[WhiteFideId "44572646"]
[BlackFideId "14107872"]
[WhiteElo "2757"]
[BlackElo "2433"]
[Result "1-0"]
[Round "01"]
[TimeControl "180+1"]
[Date "2021.12.07"]
[WhiteClock "0:00:46"]
[BlackClock "0:00:02"]

1. e4 d5 2. exd5 Nf6 3. Nf3 Nxd5 4. Bc4 Nb6 5. Bb3 e6 6. O-O g6 7. d4 Bg7 8. Re1 O-O 9. c3 N8d7 10. Bg5 Nf6 11. Nbd2 Bd7 12. Ne5 Qc8 13. a4 a5 14. Qf3 Nfd5 15. Bh4 c5 16. dxc5 Qxc5 17. Nxd7 Nxd7 18. Ne4 Qb6 19. c4 Ne5 20. Qg3 f5 21. cxd5 fxe4 22. dxe6 Kh8 23. Rxe4 Rac8 24. Rxe5 Qb4 25. Ree1 Rfe8 26. e7 Rc6 27. Bf7 1-0


[Site "https://www.chess.com"]

[Event "Titled Tuesday Blitz December 7 2021"]
[White "Andreikin, Dmitry"]
[Black "Martinez Reyes, Pedro Ramon"]
[WhiteFideId "4158814"]
[BlackFideId "3901807"]
[WhiteElo "2991"]
[BlackElo "2493"]
[Result "1-0"]
[Round "01"]
[TimeControl "180+1"]
[Date "2021.12.07"]
[WhiteClock "0:01:24"]
[BlackClock "0:00:22"]

1. d4 d5 2. c4 Nf6 3. cxd5 c6 4. Nf3 cxd5 5. Nc3 Nc6 6. Bf4 a6 7. Rc1 Bf5 8. e3 e6 9. Be2 Bd6 10. Bxd6 Qxd6 11. O-O O-O 12. Na4 Nd7 13. Nc5 Nxc5 14. Rxc5 Rac8 15. Qb3 Rc7 16. Rfc1 Rfc8 17. Qb6 Bg4 18. b4 Bxf3 19. Bxf3 Rd8 20. a4 Rcd7 21. Be2 Nxd4 22. Qxd6 Nxe2+ 23. Kf1 Rxd6 24. Kxe2 g5 25. Kd3 e5 26. Rc7 R8d7 27. a5 Kg7 28. R1c5 Kf6 29. Rc8 h5 30. Rh8 h4 31. g4 Ke7 32. Rg8 Rg6 33. Rxg6 fxg6 34. Rc8 Kd6 35. Rg8 Rf7 36. Rxg6+ Kc7 37. Ke2 d4 38. exd4 exd4 39. Rxg5 Re7+ 40. Kd3 Re1 41. Rh5 Rd1+ 42. Kc4 d3 43. Rxh4 Kd6 44. f4 d2 45. Rh6+ Kc7 46. Kd3 Rb1 47. Kxd2 Rxb4 48. Ke3 Rb5 49. g5 Rxa5 50. g6 Ra3+ 51. Ke4 Rh3 52. Rxh3 1-0


[Site "https://www.chess.com"]

[Event "Titled Tuesday Blitz December 7 2021"]
[White "Arakhamia-Grant, Ketevan"]
[Black "Ibrahimli, Murad"]
[WhiteFideId "13600168"]
[BlackFideId "13410229"]
[WhiteElo "2458"]
[BlackElo "2827"]
[Result "0-1"]
[Round "01"]
[TimeControl "180+1"]
[Date "2021.12.07"]
[WhiteClock "0:00:02"]
[BlackClock "0:00:31"]

1. e4 c5 2. Nf3 d6 3. Bb5+ Bd7 4. Bxd7+ Qxd7 5. O-O Nc6 6. c3 Nf6 7. Re1 e6 8. d4 cxd4 9. cxd4 d5 10. e5 Ng8 11. Nc3 Bb4 12. Bd2 Nge7 13. Nb5 a6 14. Bxb4 axb5 15. Bxe7 Qxe7 16. Qb3 b4 17. Rec1 O-O 18. h4 h6 19. Qe3 Ra5 20. Rc2 Rfa8 21. b3 Qf8 22. g3 Kh8 23. Kg2 Qg8 24. Ng5 Qe8 25. Qd3 Qg8 26. Rh1 Rxa2 27. Rxa2 Rxa2 28. Qf3 Nd8 29. Rc1 Ra8 30. Rc7 hxg5 31. hxg5 Qh7 32. Re7 Qe4 33. Re8+ Kh7 34. Qxe4+ dxe4 35. Kh3 Kg6 36. Kg4 Rb8 37. Kf4 Nc6 38. Rxb8 Nxb8 39. Kxe4 Kxg5 40. d5 exd5+ 41. Kxd5 Kg4 42. Kd6 Kf3 43. Ke7 Nc6+ 44. Kxf7 Nxe5+ 45. Kxg7 Kxf2 46. Kf6 Ng4+ 47. Ke6 Kxg3 0-1


[Site "https://www.chess.com"]

[Event "Titled Tuesday Blitz December 7 2021"]
[White "Astafurov, Arseniy"]
[Black "Matinian, Nikita"]
[WhiteFideId "24175218"]
[BlackFideId "24129100"]
[WhiteElo "2415"]
[BlackElo "2728"]
[Result "0-1"]
[Round "01"]
[TimeControl "180+1"]
[Date "2021.12.07"]
[WhiteClock "0:00:03"]
[BlackClock "0:00:09"]

1. c4 e5 2. Nc3 Nc6 3. Nf3 Bb4 4. Qc2 Nf6 5. e3 O-O 6. Nd5 Re8 7. Ng5 g6 8. h4 d6 9. a3 Bc5 10. b4 Bb6 11. Bb2 Bf5 12. Bd3 Bxd3 13. Qxd3 Nxd5 14. cxd5 Ne7 15. h5 Nf5 16. Nxh7 e4 17. Qc3 Bd4 18. Nf6+ Qxf6 19. exd4 Re7 20. O-O-O Ng7 21. hxg6 fxg6 22. Qh3 Kf7 23. d3 Qg5+ 24. Kb1 Qxd5 25. dxe4 Qxe4+ 26. Ka1 Qf5 27. Qg3 Rae8 28. d5 Kg8 29. Qc3 Re5 30. Rhe1 Qf7 31. Rh1 Rf5 32. f3 Re2 33. Rhe1 Rfe5 34. Rxe2 Rxe2 35. Rd2 Rxd2 36. Qxd2 a6 37. Qh6 c6 38. dxc6 bxc6 39. g4 c5 40. bxc5 dxc5 41. f4 c4 42. Bc3 Qd7 43. f5 Qd1+ 44. Kb2 Qb3+ 45. Ka1 Qxc3+ 46. Ka2 Qb3+ 47. Ka1 Qxa3+ 48. Kb1 Qd3+ 49. Ka1 Qa3+ 50. Kb1 c3 51. Kc2 Qb2+ 52. Kd3 Qd2+ 53. Qxd2 cxd2 54. Kxd2 gxf5 55. gxf5 Nxf5 56. Kc3 Nd6 57. Kb4 Nb7 0-1


[Site "https://www.chess.com"]

[Event "Titled Tuesday Blitz December 7 2021"]
[White "Azadaliyev, Jahandar"]
[Black "Mirzanurov, Bulat"]
[WhiteFideId "13425811"]
[BlackFideId "4184521"]
[WhiteElo "2744"]
[BlackElo "2424"]
[Result "1-0"]
[Round "01"]
[TimeControl "180+1"]
[Date "2021.12.07"]
[WhiteClock "0:01:08"]
[BlackClock "0:00:06"]

1. d4 d5 2. c4 dxc4 3. e4 e5 4. d5 Nf6 5. Nc3 b5 6. a3 c6 7. Bg5 Be7 8. Bxf6 Bxf6 9. dxc6 Nxc6 10. Qxd8+ Bxd8 11. Nxb5 Ba5+ 12. Nc3 Ba6 13. Nf3 Rb8 14. O-O-O Rb3 15. Nd2 Bxc3 16. Nxb3 cxb3 17. bxc3 Bxf1 18. Rhxf1 O-O 19. Rd5 Rb8 20. Kb2 f6 21. Rfd1 Rb6 22. Rc5 Ne7 23. Rd7 Kf7 24. Rcc7 Re6 25. Kxb3 Ke8 26. Rxa7 Nc6 27. Rac7 Na5+ 28. Kb4 Nc6+ 29. Kc5 Nb8 30. Rxg7 Na6+ 31. Kb5 Nxc7+ 32. Rxc7 Rd6 33. c4 Rd2 34. Rxh7 Rxf2 35. g3 Re2 36. c5 Rxe4 37. Kc6 Rd4 38. h4 e4 39. Rh8+ Ke7 40. Rb8 e3 41. Rb1 e2 42. Re1 Re4 43. Kd5 Re5+ 44. Kd4 Kd7 45. g4 Kc6 46. h5 Rd5+ 47. Ke4 Rxc5 48. Rxe2 Re5+ 49. Kf3 Rg5 50. Re6+ Kd5 51. Rxf6 Ke5 52. Rf4 Ke6 53. Re4+ Kf6 54. Kf4 Ra5 55. g5+ Kg7 56. Re7+ Kf8 57. Re3 Ra4+ 58. Kf5 Ra5+ 59. Kg6 Ra6+ 60. Kh7 Ra7+ 61. Kh6 Rd7 62. g6 Rd6 63. Kh7 Rd7+ 64. Kh8 Rg7 65. Re8+ Kxe8 66. Kxg7 Ke7 67. h6 Ke6 68. h7 1-0


[Site "https://www.chess.com"]

[Event "Titled Tuesday Blitz December 7 2021"]
[White "Bach, Ngoc Thuy Duong"]
[Black "Mikhailovsky, Vladimir"]
[WhiteFideId "12408956"]
[BlackFideId "34105414"]
[WhiteElo "2448"]
[BlackElo "2785"]
[Result "0-1"]
[Round "01"]
[TimeControl "180+1"]
[Date "2021.12.07"]
[WhiteClock "0:00:06"]
[BlackClock "0:00:20"]

1. d4 d6 2. c4 e5 3. Nf3 e4 4. Ng5 f5 5. g3 Nf6 6. Bg2 h6 7. Nh3 c6 8. O-O d5 9. f3 Bd6 10. c5 Bc7 11. Nc3 O-O 12. Be3 Qe8 13. Qd2 Nbd7 14. b4 Rf7 15. a4 Nf8 16. Rfe1 g5 17. Rf1 Ng6 18. f4 g4 19. Nf2 h5 20. Rfb1 h4 21. Nfd1 Nh5 22. Bf2 Bd7 23. e3 Rh7 24. Qe2 Kg7 25. b5 Qf7 26. a5 a6 27. bxc6 Bxc6 0-1


[Site "https://www.chess.com"]

[Event "Titled Tuesday Blitz December 7 2021"]
[White "Baches Garcia, Guillermo"]
[Black "Samadov, Read"]
[WhiteFideId "2209764"]
[BlackFideId "13417444"]
[WhiteElo "2452"]
[BlackElo "2791"]
[Result "0-1"]
[Round "01"]
[TimeControl "180+1"]
[Date "2021.12.07"]
[WhiteClock "0:00:36"]
[BlackClock "0:01:04"]

1. e4 c5 2. Nf3 d6 3. d4 cxd4 4. Nxd4 Nf6 5. Nc3 a6 6. Be2 e5 7. Nf3 h6 8. Nd2 Be7 9. Nc4 b5 10. Ne3 O-O 11. Bf3 Nbd7 12. a4 Bb7 13. axb5 axb5 14. Rxa8 Bxa8 15. Ncd5 Nxd5 16. Nxd5 Bg5 17. Bxg5 hxg5 18. O-O Nc5 19. Qd2 g4 20. Bxg4 Nxe4 21. Qd1 Qg5 22. Re1 Bxd5 23. Qxd5 Nf6 24. Qxd6 Nxg4 25. h3 Rd8 26. Qc7 Qd2 27. Rf1 Nf6 28. Qxe5 b4 29. c4 bxc3 30. bxc3 Rc8 31. g4 Qxc3 32. Qxc3 Rxc3 33. Re1 Rxh3 34. g5 Nh5 35. Re8+ Kh7 36. Re7 Kg6 0-1


[Site "https://www.chess.com"]

[Event "Titled Tuesday Blitz December 7 2021"]
[White "Bacrot, Etienne"]
[Black "Brunner, Nicolas"]
[WhiteFideId "605506"]
[BlackFideId "620246"]
[WhiteElo "2795"]
[BlackElo "2453"]
[Result "1-0"]
[Round "01"]
[TimeControl "180+1"]
[Date "2021.12.07"]
[WhiteClock "0:01:21"]
[BlackClock "0:00:08"]

1. e4 e5 2. Nf3 Nc6 3. Bb5 a6 4. Ba4 Nf6 5. O-O Be7 6. Re1 b5 7. Bb3 d6 8. h3 O-O 9. c3 Nb8 10. d4 Nbd7 11. c4 c6 12. Nc3 Bb7 13. a3 Re8 14. Be3 h6 15. Qc2 Rc8 16. Rad1 Qc7 17. Nh4 Bf8 18. Nf5 exd4 19. Bxd4 Ne5 20. f4 Nxc4 21. Nxh6+ Kh8 22. Qf2 gxh6 23. Bxf6+ Kh7 24. Kh1 c5 25. Qh4 Nxb2 26. e5 c4 27. Bc2+ Nd3 28. Rxd3 cxd3 29. Bxd3+ 1-0


[Site "https://www.chess.com"]

[Event "Titled Tuesday Blitz December 7 2021"]
[White "Batsiashvili, Nino"]
[Black "Gasanov, Eldar"]
[WhiteFideId "13602993"]
[BlackFideId "14104466"]
[WhiteElo "2442"]
[BlackElo "2779"]
[Result "1/2-1/2"]
[Round "01"]
[TimeControl "180+1"]
[Date "2021.12.07"]
[WhiteClock "0:00:15"]
[BlackClock "0:00:14"]

1. d4 d6 2. c4 e5 3. Nc3 exd4 4. Qxd4 Nf6 5. b3 Nc6 6. Qd2 a5 7. Bb2 a4 8. Rd1 axb3 9. axb3 Be7 10. Nf3 O-O 11. g3 Nd7 12. Nd5 Nc5 13. Qc3 f6 14. Bg2 Re8 15. O-O Bf8 16. Rfe1 Bf5 17. Nh4 Be4 18. f3 Bxd5 19. cxd5 Na5 20. e4 Naxb3 21. f4 c6 22. e5 Qb6 23. Kh1 Na4 24. Qc2 dxe5 25. fxe5 Nxb2 26. Qxb2 fxe5 27. Rb1 Ra3 28. dxc6 bxc6 29. Rxe5 Rxe5 30. Qxe5 Qc5 31. Qe6+ Kh8 32. Qxc6 Qxc6 33. Bxc6 g6 34. Bd5 Ra1 35. Rxa1 Nxa1 36. Nf3 Nc2 37. Be4 1/2-1/2


[Site "https://www.chess.com"]

[Event "Titled Tuesday Blitz December 7 2021"]
[White "Bayo Milagro, Alvaro"]
[Black "Makarian, Rudik"]
[WhiteFideId "22275240"]
[BlackFideId "44105681"]
[WhiteElo "2463"]
[BlackElo "2850"]
[Result "1/2-1/2"]
[Round "01"]
[TimeControl "180+1"]
[Date "2021.12.07"]
[WhiteClock "0:00:13"]
[BlackClock "0:00:07"]

1. c4 e6 2. Nf3 c5 3. Nc3 d5 4. cxd5 exd5 5. d4 Nc6 6. g3 Nf6 7. Bg2 cxd4 8. Nxd4 Bc5 9. Nxc6 bxc6 10. O-O O-O 11. Qc2 Be7 12. Na4 Ba6 13. Be3 Ng4 14. Bc5 Re8 15. Rfe1 Bf6 16. Rad1 Qc7 17. Bd4 Rac8 18. Nc5 Bb7 19. e3 Rb8 20. h3 Ne5 21. f4 Nd7 22. Nxd7 Bxd4 23. Nxb8 Bxe3+ 24. Kh2 Qxb8 25. Qb3 d4 26. Qc4 c5 27. Re2 g6 28. Qxc5 Ba6 29. Rde1 Bxe2 30. Rxe2 Rc8 31. Qd5 Rc1 32. h4 Qc7 33. h5 Kg7 34. Qg5 h6 35. Qd5 Qe7 36. hxg6 fxg6 37. Bf3 Qc7 38. f5 Rc2 39. Qe6 gxf5 40. Qxf5 Rxe2+ 41. Bxe2 Qc1 42. Bd3 Qxb2+ 43. Kh3 Qb6 44. Qh7+ Kf8 45. Qh8+ Ke7 46. Qg7+ Kd6 47. Qf6+ Kc5 48. Qf8+ Kd5 49. Qf5+ Kc6 50. Be4+ Kd6 51. Qf6+ Kc5 52. Qf8+ Qd6 53. Qxd6+ Kxd6 54. Bd3 Kc5 55. Kg4 Kb4 56. Kf3 Kc3 57. Ke4 a5 58. a4 h5 59. Be2 Bf2 60. Bxh5 Bxg3 61. Be2 Bd6 62. Bb5 Bc5 63. Bd3 Kb4 64. Bb5 Kb3 65. Kd3 Bb6 66. Bc6 Kb4 67. Bd7 Kc5 68. Be8 Kb4 69. Bb5 Kc5 70. Be8 Kd6 71. Bb5 Kc7 72. Be8 Kd8 73. Bb5 Kc7 74. Bc4 Kd6 75. Bb5 Kc5 76. Bc4 Kb4 1/2-1/2


[Site "https://www.chess.com"]

[Event "Titled Tuesday Blitz December 7 2021"]
[White "Bazarov, Konstantin"]
[Black "Sarana, Alexey"]
[WhiteFideId "4137000"]
[BlackFideId "24133795"]
[WhiteElo "2503"]
[BlackElo "3025"]
[Result "0-1"]
[Round "01"]
[TimeControl "180+1"]
[Date "2021.12.07"]
[WhiteClock "0:01:59"]
[BlackClock "0:02:41"]

1. d4 Nf6 2. c4 e6 3. Nf3 d5 4. Nc3 Bb4 5. Qa4+ Nc6 6. Bg5 dxc4 7. e3 Qd5 8. Ne5 b5 9. Qc2 Nxe5 10. dxe5 Qxe5 11. Bf4 Qf5 12. Qc1 Nd5 13. Bg3 Qf6 14. Kd2 O-O 15. e4 Nxc3 16. bxc3 Rd8+ 17. Ke2 Bxc3 18. Rb1 Rd2+ 0-1


[Site "https://www.chess.com"]

[Event "Titled Tuesday Blitz December 7 2021"]
[White "Belyakov, Bogdan"]
[Black "Rodchenkov, Vitaly"]
[WhiteFideId "24104795"]
[BlackFideId "4152964"]
[WhiteElo "2722"]
[BlackElo "2409"]
[Result "1-0"]
[Round "01"]
[TimeControl "180+1"]
[Date "2021.12.07"]
[WhiteClock "0:00:34"]
[BlackClock "0:00:58"]

1. e4 c5 2. c3 d5 3. exd5 Qxd5 4. d4 Nf6 5. Nf3 Nc6 6. Be2 cxd4 7. cxd4 Bg4 8. Nc3 Qa5 9. h3 Bh5 10. O-O e6 11. a3 Be7 12. Qb3 Qb6 13. Qxb6 axb6 14. Be3 O-O 15. Rac1 Rfd8 16. Nb5 Nd5 17. Bd2 h6 18. g4 Bg6 19. Rfd1 Rd7 20. Ne5 Nxe5 21. dxe5 Rad8 22. Kg2 f6 23. exf6 Bxf6 24. Nc3 Bxc3 25. bxc3 e5 26. Kg3 Bf7 27. c4 Nf4 28. Bxf4 exf4+ 29. Kxf4 Rxd1 30. Bxd1 Rd2 31. f3 g5+ 32. Ke5 Kg7 33. Bc2 Bxc4 34. Be4 b5 35. Bxb7 Ra2 36. Rc3 Rh2 37. a4 Rxh3 38. Bc6 Rh1 39. axb5 Bf7 40. b6 Rb1 41. b7 Kf8 42. Be4 Ke7 43. Bxb1 1-0


[Site "https://www.chess.com"]

[Event "Titled Tuesday Blitz December 7 2021"]
[White "Bloomer, Josh"]
[Black "Madaminov, Mukhiddin"]
[WhiteFideId "2020416"]
[BlackFideId "14210703"]
[WhiteElo "2410"]
[BlackElo "2724"]
[Result "0-1"]
[Round "01"]
[TimeControl "180+1"]
[Date "2021.12.07"]
[WhiteClock "0:00:55"]
[BlackClock "0:01:24"]

1. e4 e6 2. d4 d5 3. Bd3 dxe4 4. Bxe4 Nf6 5. Bf3 Nbd7 6. Ne2 c5 7. O-O a6 8. Nbc3 Be7 9. Be3 cxd4 10. Nxd4 O-O 11. Qe2 Ne5 12. Rfd1 Nxf3+ 13. Qxf3 Qc7 14. Bf4 e5 15. Bg3 Bg4 16. Nd5 Bxf3 17. Nxc7 Bxd1 18. Nf5 Rad8 19. Nxe7+ Kh8 20. Bxe5 Bxc2 21. Bxf6 gxf6 22. Ned5 Rd7 23. Rc1 Rc8 24. Nb6 Rcxc7 25. Nxd7 Rxd7 0-1


[Site "https://www.chess.com"]

[Event "Titled Tuesday Blitz December 7 2021"]
[White "Borsuk, Konstantin"]
[Black "Kalajzic, Ivan"]
[WhiteFideId "14113406"]
[BlackFideId "14506378"]
[WhiteElo "2406"]
[BlackElo "2163"]
[Result "0-1"]
[Round "01"]
[TimeControl "180+1"]
[Date "2021.12.07"]
[WhiteClock "0:02:35"]
[BlackClock "0:01:53"]

1. c4 Nc6 2. g3 e5 3. Bg2 Bc5 4. Nc3 d6 5. e3 Bf5 6. Nge2 Nb4 7. e4 Nd3+ 8. Kf1 Nxf2 9. Qa4+ Bd7 10. Qb3 Nxh1 11. Bxh1 Qf6+ 12. Nf4 exf4 13. Qxb7 fxg3+ 14. Ke1 Rc8 15. e5 Qf2+ 16. Kd1 Bf5 17. Bc6+ Kf8 18. Ne4 g2 0-1


[Site "https://www.chess.com"]

[Event "Titled Tuesday Blitz December 7 2021"]
[White "Bortnyk, Olexandr"]
[Black "Sliwicki, Damian"]
[WhiteFideId "14120828"]
[BlackFideId "1127128"]
[WhiteElo "2929"]
[BlackElo "2480"]
[Result "1-0"]
[Round "01"]
[TimeControl "180+1"]
[Date "2021.12.07"]
[WhiteClock "0:00:25"]
[BlackClock "0:00:22"]

1. e4 c5 2. c3 g6 3. d4 cxd4 4. cxd4 Bg7 5. Nc3 a6 6. Nf3 d5 7. a3 dxe4 8. Nxe4 Nf6 9. Nxf6+ Bxf6 10. Bh6 Nc6 11. d5 Ne5 12. Be2 Qa5+ 13. b4 Nxf3+ 14. Bxf3 Qb5 15. Rc1 Bd7 16. Be2 Qb6 17. O-O g5 18. Bg4 Bxg4 19. Qxg4 Rg8 20. Rc8+ Rxc8 21. Qxc8+ Qd8 22. Qxb7 Rg6 23. Rc1 Bc3 24. Rxc3 Rb6 25. Qc7 Qxc7 26. Rxc7 Rxh6 27. Rc6 Rh4 28. Rxa6 Rd4 29. Kf1 Rxd5 30. a4 Kd8 31. b5 Kc7 32. Ra7+ Kb6 33. Rxe7 Rf5 34. Re4 Rc5 35. g4 f5 36. Re6+ Kb7 37. gxf5 Rxf5 38. Re7+ Kb6 39. Rxh7 Rf4 40. Rh6+ Kb7 41. a5 Rb4 42. Rg6 Rxb5 43. Rb6+ Rxb6 44. axb6 Kxb6 45. Kg2 Kc5 46. Kg3 Kd5 47. Kg4 Ke4 48. Kxg5 Kf3 49. h4 Kxf2 50. h5 1-0


[Site "https://www.chess.com"]

[Event "Titled Tuesday Blitz December 7 2021"]
[White "Boskovic, Drasko"]
[Black "Nenezic, Marko"]
[WhiteFideId "927368"]
[BlackFideId "912123"]
[WhiteElo "2434"]
[BlackElo "2761"]
[Result "0-1"]
[Round "01"]
[TimeControl "180+1"]
[Date "2021.12.07"]
[WhiteClock "0:01:02"]
[BlackClock "0:01:08"]

1. e4 c5 2. Nf3 d6 3. Bb5+ Bd7 4. Bxd7+ Qxd7 5. O-O Nf6 6. Qe2 Nc6 7. Rd1 g6 8. d4 cxd4 9. Nxd4 Bg7 10. c4 O-O 11. Nc3 Rfc8 12. b3 Nd5 13. exd5 Nxd4 14. Qd3 b5 15. Be3 bxc4 16. bxc4 Nf5 17. Bg5 h6 18. Bd2 Qc7 19. g4 Nd4 20. Be3 Nf3+ 21. Kg2 Ne5 22. Qe2 Qxc4 23. Rd4 Qxc3 0-1


[Site "https://www.chess.com"]

[Event "Titled Tuesday Blitz December 7 2021"]
[White "Brunello, Marina"]
[Black "Tanenbaum, Zachary"]
[WhiteFideId "822590"]
[BlackFideId "2060850"]
[WhiteElo "2431"]
[BlackElo "2755"]
[Result "0-1"]
[Round "01"]
[TimeControl "180+1"]
[Date "2021.12.07"]
[WhiteClock "0:00:11"]
[BlackClock "0:00:06"]

1. e4 e5 2. Nf3 Nc6 3. Bc4 Nf6 4. d3 Be7 5. O-O O-O 6. h3 d6 7. a4 Be6 8. Na3 h6 9. Re1 Qd7 10. c3 Rae8 11. d4 Bxc4 12. Nxc4 exd4 13. Nxd4 Bd8 14. f3 d5 15. exd5 Rxe1+ 16. Qxe1 Re8 17. Qf2 Qxd5 18. Ne3 Qd7 19. Nef5 Nxd4 20. Nxd4 c6 21. Bf4 Bb6 22. Kh1 Bxd4 23. cxd4 Nd5 24. Be5 f6 25. Bg3 Qf5 26. a5 Qd3 27. a6 b6 28. Re1 Rxe1+ 29. Qxe1 Kf7 30. Bd6 Qxa6 31. Qe4 Qa1+ 32. Kh2 Qxb2 33. f4 Qd2 34. f5 Qe3 35. Qg4 Kg8 36. Qg6 Qe4 37. Bg3 Ne3 0-1


[Site "https://www.chess.com"]

[Event "Titled Tuesday Blitz December 7 2021"]
[White "Buchenau, Frank"]
[Black "Khanin, Semen"]
[WhiteFideId "4604350"]
[BlackFideId "4111990"]
[WhiteElo "2437"]
[BlackElo "2767"]
[Result "0-1"]
[Round "01"]
[TimeControl "180+1"]
[Date "2021.12.07"]
[WhiteClock "0:00:01"]
[BlackClock "0:00:26"]

1. e4 c5 2. Nf3 e6 3. d4 cxd4 4. Nxd4 Nc6 5. Nc3 Qc7 6. Be3 a6 7. Bd3 b5 8. Nxc6 Qxc6 9. a3 Bb7 10. O-O Bc5 11. Bxc5 Qxc5 12. Kh1 Nf6 13. f4 h5 14. Qe2 d6 15. Qf2 Qxf2 16. Rxf2 Rc8 17. Re1 Ke7 18. Kg1 Rc5 19. Rfe2 e5 20. Rf1 Rhc8 21. fxe5 dxe5 22. Nd1 Ne8 23. Ne3 Nd6 24. Nf5+ Nxf5 25. Rxf5 g6 26. Rf1 f6 27. Ref2 R8c6 28. g3 Rd6 29. h3 a5 30. b4 axb4 31. axb4 Rc3 32. Ra1 Ra6 33. Rxa6 Bxa6 34. Rf1 Ra3 35. Kf2 Bc8 36. h4 Bd7 37. Ke3 Ra4 38. c3 Ra2 39. Rf2 Ra1 40. Rc2 f5 41. exf5 gxf5 42. Be2 Be8 43. c4 Ra3+ 44. Kf2 bxc4 45. Rxc4 Ra2 46. Ke3 Rxe2+ 47. Kxe2 Bb5 48. Kd3 Kd6 49. Kc3 Bxc4 50. Kxc4 Kc6 51. Kc3 Kd5 52. Kd3 e4+ 53. Kc3 Kc6 54. Kc4 Kb6 55. Kd4 Kb5 56. Kc3 Kb6 57. Kc4 Kc6 58. b5+ Kd6 59. Kd4 Kc7 60. Kc3 Kb7 61. Kc4 Kc7 62. Kb4 Kd6 63. Kc4 Ke5 64. Kc5 e3 65. b6 e2 66. b7 e1=Q 67. b8=Q+ Kf6 0-1


[Site "https://www.chess.com"]

[Event "Titled Tuesday Blitz December 7 2021"]
[White "Buscar, Michael"]
[Black "Pakleza, Zbigniew"]
[WhiteFideId "2603616"]
[BlackFideId "1119290"]
[WhiteElo "2402"]
[BlackElo "2715"]
[Result "0-1"]
[Round "01"]
[TimeControl "180+1"]
[Date "2021.12.07"]
[WhiteClock "0:00:10"]
[BlackClock "0:00:15"]

1. d4 d6 2. c4 e5 3. e3 Nd7 4. Nf3 Ngf6 5. dxe5 dxe5 6. Be2 Be7 7. b3 c6 8. Bb2 Qc7 9. O-O O-O 10. Qc2 Re8 11. Rd1 Bf8 12. Nbd2 a5 13. a3 Nc5 14. b4 axb4 15. axb4 Rxa1 16. Bxa1 Na6 17. Qb2 e4 18. Ng5 h6 19. Nh3 Bxh3 20. gxh3 Nxb4 21. Kh1 Kh8 22. Rg1 Qd7 23. Rg3 Nd3 24. Bxd3 Qxd3 25. Nb3 Qd1+ 26. Kg2 Ra8 27. h4 Qh5 28. Kh3 Qf5+ 29. Kg2 Nh5 30. Nd4 Qf6 31. Rg4 c5 32. Nb5 Qf3+ 33. Kf1 Qd1+ 34. Kg2 Qxg4+ 35. Kf1 Qd1+ 36. Kg2 Rxa1 0-1


[Site "https://www.chess.com"]

[Event "Titled Tuesday Blitz December 7 2021"]
[White "Chernomordik, Pavel"]
[Black "Weetik, Vjacheslav"]
[WhiteFideId "2804530"]
[BlackFideId "4153472"]
[WhiteElo "2411"]
[BlackElo "2726"]
[Result "0-1"]
[Round "01"]
[TimeControl "180+1"]
[Date "2021.12.07"]
[WhiteClock "0:00:45"]
[BlackClock "0:00:29"]

1. e4 c6 2. Nc3 d5 3. Qf3 dxe4 4. Nxe4 Nf6 5. Nxf6+ exf6 6. Bc4 Bd6 7. Ne2 O-O 8. d4 Nd7 9. Bd3 Re8 10. Bd2 Nf8 11. O-O-O Be6 12. Kb1 a5 13. Nf4 Bxf4 14. Bxf4 Ng6 15. Bg3 Qd7 16. h3 Bd5 17. Qh5 Bxg2 18. Rh2 Be4 19. f4 f5 20. Qe2 Re6 21. Qf2 Bxd3 22. Rxd3 Rae8 23. Rd1 Qd5 24. h4 h5 25. b3 Re3 26. Kb2 a4 27. Qd2 Rxg3 0-1


[Site "https://www.chess.com"]

[Event "Titled Tuesday Blitz December 7 2021"]
[White "Colbow, Collin"]
[Black "Papasimakopoulos, Alexandros"]
[WhiteFideId "16201132"]
[BlackFideId "4244125"]
[WhiteElo "2137"]
[BlackElo "2394"]
[Result "0-1"]
[Round "01"]
[TimeControl "180+1"]
[Date "2021.12.07"]
[WhiteClock "0:00:03"]
[BlackClock "0:00:19"]

1. e4 e6 2. d4 d5 3. Nd2 Nf6 4. e5 Nfd7 5. Bd3 c5 6. c3 Nc6 7. Ne2 cxd4 8. cxd4 f6 9. exf6 Nxf6 10. O-O Bd6 11. Nf3 Qc7 12. h3 O-O 13. Be3 Bd7 14. Re1 Be8 15. Ng5 Bf7 16. Rc1 Rae8 17. a3 h6 18. Nxf7 Qxf7 19. b4 e5 20. b5 Nxd4 21. Nxd4 exd4 22. Bxd4 Ne4 23. Bxe4 dxe4 24. Be3 Bxa3 25. Ra1 Bb4 26. Re2 b6 27. Qa4 Bc3 28. Rc1 Be5 29. Rc4 Qg6 30. Qxa7 Re6 31. Qb7 Kh8 32. Rc6 Rb8 33. Qd7 Rf6 34. Rec2 Rbf8 35. Bxb6 e3 36. Bxe3 Rxc6 37. Qxc6 Qf5 38. b6 Bb8 39. b7 Qe5 40. g3 Qa1+ 41. Kg2 Qd1 42. Bf4 Ba7 43. Qc8 Kh7 44. Qxf8 Qxc2 45. b8=Q Qe4+ 46. Kf1 Qd3+ 47. Ke1 Qe4+ 48. Kd2 Bxb8 49. Qxb8 Qd4+ 50. Ke2 Qe4+ 51. Be3 Qg2 52. Qf4 Qxh3 53. Qf3 Qc8 54. Qe4+ Kh8 55. f4 Qh3 56. Kf3 Qh1+ 57. Kf2 Qxe4 0-1


[Site "https://www.chess.com"]

[Event "Titled Tuesday Blitz December 7 2021"]
[White "Cruz Mendez, Jean Marco"]
[Black "crazy_machine"]
[WhiteFideId "3526402"]
[WhiteElo "2441"]
[BlackElo "2774"]
[Result "0-1"]
[Round "01"]
[TimeControl "180+1"]
[Date "2021.12.07"]
[WhiteClock "0:00:14"]
[BlackClock "0:00:07"]

1. Nf3 f5 2. d3 Nf6 3. e4 fxe4 4. dxe4 Nxe4 5. Bd3 Nf6 6. O-O e6 7. Nc3 Be7 8. Qe2 O-O 9. Bg5 Nc6 10. Rad1 Nh5 11. Qe4 g6 12. Bh6 Re8 13. Qg4 Nf6 14. Qg3 Bf8 15. Bxg6 Bxh6 16. Bxe8+ Kh8 17. Bf7 Qf8 18. Bxe6 dxe6 19. Qxc7 Bd7 20. Rxd7 Nxd7 21. Qxd7 Qe7 22. Qxe7 Nxe7 23. Re1 Nd5 24. Nxd5 exd5 25. Rd1 Rc8 26. c3 Rc5 27. Kf1 b5 28. Ke2 Bg7 29. Kd3 a5 30. Re1 Kg8 31. Nd4 Rc4 32. Re8+ Kf7 33. Rd8 Bxd4 34. cxd4 Ke6 35. Rh8 Ra4 36. a3 b4 37. axb4 Rxb4 38. Kc3 Rc4+ 39. Kd3 Rb4 40. Re8+ Kd7 41. Re2 Rb3+ 42. Kc2 Rb4 43. Rd2 Ke6 44. Kd1 Kf5 45. f3 h5 46. Ke2 Rb3 47. Kf2 h4 48. g3 Kg5 49. Kg2 a4 50. Kh3 hxg3 51. hxg3 Kf5 52. g4+ Kf4 53. Kh4 Ke3 54. g5 Kxd2 55. g6 Rxb2 56. g7 Rb8 57. f4 a3 58. f5 a2 59. f6 a1=Q 60. f7 Qh1+ 61. Kg5 Qg2+ 62. Kf6 Rb6+ 63. Ke7 Qxg7 0-1


[Site "https://www.chess.com"]